 Dungeon Crawl Stone Soup version 0.29-a0-234-g0dae59b3db (webtiles) character file.

Game seed: 1018836875729182432

2909 sammy202020 the Fighter (level 9, -8/123 HPs)
             Began as a Minotaur Berserker on Mar 3, 2022.
             Was an Elder of Trog.
             Mangled by Grum
             ... wielding a -1 halberd
              (16 damage)
             ... on level 8 of the Dungeon.
             The game lasted 00:14:56 (6293 turns).

sammy202020 the Fighter (Minotaur Berserker)        Turns: 6293, Time: 00:14:56

Health: -8/123     AC: 23    Str: 25    XL:     9   Next: 49%
Magic:  0/8        EV: 13    Int:  8    God:    Trog [****..]
Gold:   405        SH:  0    Dex: 11    Spells: 8/8 levels left

rFire   + . .      SeeInvis +   p - +7 whip of Yklux {protect, rPois Str+2 SInv}
rCold   . . .      Faith    .   (no shield)
rNeg    . . .      Spirit   +   s - +0 plate armour
rPois   +          Reflect  .   (helmet restricted)
rElec   .          Harm     .   (no cloak)
rCorr   +          Rampage  .   A - +0 pair of gloves {hurl}
Will    +++..                   i - +0 pair of boots
Stlth   ..........              o - amulet of guardian spirit
HPRegen 1.30/turn               b - +4 ring of evasion
MPRegen 0.11/turn               a - ring of resist corrosion

@: berserking, strong-willed, under a protective aura, regenerating, very quick
A: horns 2, retaliatory headbutt, fire resistance 1, strong-willed 1, strong 1
a: Renounce Religion, Berserk, Trog's Hand, Brothers in Arms


You were on level 8 of the Dungeon.
You worshipped Trog.
Trog was greatly pleased with you.
You visited 1 branch of the dungeon, and saw 8 of its levels.

You collected 405 gold pieces.

Inventory:

Hand Weapons
 e - the +8 mace "Danymeath" {elec, Str+6}
   (You found it on level 2 of the Dungeon)

   It occasionally discharges a powerful burst of electricity upon striking a
   foe.
   Str:       It affects your strength (+6).
 p - the +7 whip of Yklux (weapon) {protect, rPois Str+2 SInv}
   (You found it on level 4 of the Dungeon)

   It grants its wielder temporary protection when it strikes (+7 to AC).
   Str:       It affects your strength (+2).
   rPois:     It protects you from poison.
   SInv:      It lets you see invisible.
Missiles
 j - 15 poisoned darts (quivered)
Armour
 i - a +0 pair of boots (worn)
 s - a +0 plate armour (worn)
 A - a +0 pair of gloves of hurling (worn)
Jewellery
 a - a ring of resist corrosion (right hand)
 b - a +4 ring of evasion (left hand)
 o - an amulet of guardian spirit (around neck)
 q - a ring of protection from cold
 t - an amulet of magic regeneration
 C - a +6 ring of dexterity
Wands
 r - a wand of iceblast (19)
 w - a wand of mindburst (5)
Scrolls
 c - 4 scrolls of teleportation
 l - 4 scrolls of enchant weapon
 m - 2 scrolls of identify
 n - a scroll of fear
 x - a scroll of enchant armour
 y - a scroll of silence
 z - 2 scrolls of magic mapping
 D - a scroll of brand weapon {unknown}
Potions
 d - 4 potions of lignification
 f - a potion of ambrosia
 g - a potion of invisibility
 h - 5 potions of curing
 k - a potion of mutation
 u - 3 potions of heal wounds
 v - 2 potions of degeneration
 B - a potion of flight


   Skills:
 + Level 8.7 Fighting
 + Level 8.7 Maces & Flails
 + Level 8.3 Armour
 + Level 7.6 Dodging


You had 8 spell levels left.
You didn't know any spells.
Your spell library was empty.

Dungeon Overview and Level Annotations

Branches:
Dungeon (8/15)             Temple (0/1) D:6
   Lair: D:8-11

Altars:
Elyvilon
Qazlal
Sif Muna
Trog
Uskayaw

Shops:
D:1 ((:=

Annotations:
D:8 Grum


Innate Abilities, Weirdness & Mutations

You have a pair of horns on your head.
You reflexively headbutt those who attack you in melee.
Your flesh is heat resistant. (rF+)
You are strong-willed. (Will+)
Your muscles are strong. (Str +2)


Message History

Grum hits you from afar with a -1 halberd.
The wolf barely misses you.
A red film seems to cover your vision as you go berserk!
You feel yourself moving faster!
You feel mighty! The wolf bites you but does no damage. Grum misses you.
The acid dragon completely misses you.
The acid dragon claws you but does no damage.
The wolf bites you but does no damage. The wolf misses you.
Grum hits you from afar with a -1 halberd!!
* * * LOW HITPOINT WARNING * * *
You thrash the acid dragon!!
The acid dragon is severely wounded.
The wolf bites you but does no damage. The acid dragon spits acid at you.
The splash of acid hits you. You resist.
* * * LOW HITPOINT WARNING * * *
The wolf bites you but does no damage.
You hear a shout!
You hit the acid dragon. Your headbutt misses the acid dragon.
The acid dragon is almost dead.
Grum hits you from afar with a -1 halberd!!
* * * LOW HITPOINT WARNING * * *
The wolf bites you but does no damage.
You hit the acid dragon.
You kill the acid dragon!
Trog accepts your kill.
The acid dragon scales are intact enough to wear.
The wolf bites you but does no damage. Grum barely misses you.
The wolf barely misses you. You furiously retaliate!
You headbutt the wolf! You whack the wolf!
You kill the wolf!
Trog accepts your kill. The wolf bites you but does no damage.
You miss the wolf. You headbutt the wolf!
The wolf is heavily wounded.
Grum misses you. The wolf bites you but does no damage.
You barely miss the wolf.
The wolf is heavily wounded.
Grum hits you from afar with a -1 halberd!
You die...

..# #..# #. #..# #..
#...## #.. #...## #.#
##...## ###.#
###.....#####..#
##[............#
##.....@<.......#
#.....[†h..###..#
.....g.....# #..#
............##..#
............##..#
.............#..# ###
............##..######..
.......#######..##....).
............##........))


You could see Grum (berserk) and a wolf.

Vanquished Creatures
  Sigmund (D:6)
  A steam dragon (D:7)
  An acid dragon (D:8)
  A water moccasin (D:6)
  2 black bears (D:5)
  An orc warrior (D:7)
  A sky beast (D:6)
  3 wolves (D:8)
  2 centaurs (D:6)
  6 ogres
  A phantom (D:5)
  A bullfrog (D:7)
  A gnoll sergeant (D:6)
  A scorpion (D:6)
  2 jellies
  Crazy Yiuf (D:2)
  3 hounds
  4 orc priests
  2 iguanas (D:5)
  11 orc wizards
  8 gnolls (D:6)
  8 adders
  A white imp (D:5)
  An ufetubus (D:6)
  4 dart slugs
  28 orcs
  4 endoplasms
  5 giant cockroaches
  9 goblins
  4 hobgoblins
  2 jackals (D:2)
  5 quokkas
  5 ball pythons
  13 bats
  6 kobolds
  2 rats
151 creatures vanquished.

Vanquished Creatures (others)
  2 plants
2 creatures vanquished.

Grand Total: 153 creatures vanquished

Notes
Turn   | Place    | Note
-------+----------+-------------------------------------------
     0 | D:1      | sammy202020 the Minotaur Berserker began the quest for the
                  | Orb.
     0 | D:1      | Reached XP level 1. HP: 19/19 MP: 0/0
   164 | D:1      | Reached XP level 2. HP: 27/27 MP: 1/1
   722 | D:1      | Found Utegog's Jewellery Emporium.
   775 | D:1      | Found Pupnit's Antique Weapon Shop.
   775 | D:1      | Found Weighix's Book Shoppe.
   817 | D:1      | Found Jikaote's Weapon Emporium.
   851 | D:1      | Reached XP level 3. HP: 33/33 MP: 2/2
  1084 | D:2      | Reached ** piety under Trog
  1177 | D:2      | Found a faded altar of an unknown god.
  1186 | D:2      | Found a stormy altar of Qazlal.
  1721 | D:2      | Found a runed translucent door.
  1722 | D:2      | Noticed Crazy Yiuf
  1728 | D:2      | Killed Crazy Yiuf
  1729 | D:2      | Reached XP level 4. HP: 41/41 MP: 3/3
  1733 | D:2      | Identified the +8 mace "Danymeath" {elec, Str+6}
  2131 | D:3      | Noticed a +0 falchion
  2132 | D:3      | Noticed a +0 spear
  2132 | D:3      | Noticed a +0 dagger
  2132 | D:3      | Noticed a +0 dagger
  2133 | D:3      | Noticed a +0 short sword
  2133 | D:3      | Noticed a +0 spear
  2134 | D:3      | Noticed a +0 short sword
  2135 | D:3      | Noticed a +0 falchion
  2164 | D:3      | Found a hide-covered altar of Uskayaw.
  2881 | D:3      | Found a shimmering blue altar of Sif Muna.
  3028 | D:4      | Noticed an ogre
  3035 | D:4      | Killed an ogre
  3036 | D:4      | Reached XP level 5. HP: 36/47 MP: 2/4
  3136 | D:4      | Noticed an ogre
  3142 | D:4      | Killed an ogre
  3143 | D:4      | Reached skill level 5 in Fighting
  3143 | D:4      | Reached skill level 5 in Maces & Flails
  3143 | D:4      | Reached XP level 6. HP: 56/56 MP: 5/5
  3520 | D:4      | Identified the +7 whip of Yklux {protect, rPois Str+2 SInv}
  3898 | D:5      | Entered Level 5 of the Dungeon
  3935 | D:5      | Found a white marble altar of Elyvilon.
  4029 | D:5      | Reached skill level 5 in Armour
  4029 | D:5      | Reached XP level 7. HP: 62/62 MP: 4/6
  4291 | D:5      | Reached skill level 5 in Dodging
  4653 | D:5      | Gained mutation: Your muscles are strong. (Str +2) [potion
                  | of mutation]
  4653 | D:5      | Gained mutation: Your flesh is heat resistant. (rF+)
                  | [potion of mutation]
  4653 | D:5      | Gained mutation: You are strong-willed. (Will+) [potion of
                  | mutation]
  4674 | D:6      | Found a bloodstained altar of Trog.
  4694 | D:6      | Reached *** piety under Trog
  4716 | D:6      | Reached XP level 8. HP: 59/71 MP: 5/7
  4938 | D:6      | Found a staircase to the Ecumenical Temple.
  5138 | D:6      | Noticed Sigmund
  5143 | D:6      | Killed Sigmund
  5399 | D:7      | Found a stormy altar of Qazlal.
  5558 | D:7      | Reached XP level 9. HP: 71/81 MP: 8/8
  5907 | D:7      | Reached **** piety under Trog
  6272 | D:8      | Noticed Grum
  6289 | D:8      | HP: 5/123 [Grum/-1 halberd (23)]
  6293 | D:8      | Mangled by Grum

Illustrated notes

Levels and vault maps discovered:
D:1:      roderic_chinese_lattice_arrival, layout_loops_ring, serial_shops,
          nicolae_shop_trees, shop_fountains, nicolae_shop_crystal, shop,
          serial_forest, infiniplex_forest_corner_1, infiniplex_forest_pool,
          infiniplex_forest_end_double, infiniplex_forest_fountain,
          infiniplex_forest_clump_C, infiniplex_forest_clump_diagonal,
          infiniplex_forest_lined_1, dk_noncrumbling_4, minmay_domino_2
D:2:      layout_loops_ring, serial_aquarium, aquarium_bridge_straight
          [aquarium_subvault_bridge, aquarium_subvault_balcony,
          aquarium_subvault_bridge, aquarium_subvault_window],
          aquarium_bridge_square [aquarium_subvault_bridge,
          aquarium_subvault_wall, aquarium_subvault_window,
          aquarium_subvault_window], aquarium_window_fake, aquarium_window_1,
          aquarium_window_fake, aquarium_window_corridor_2, aquarium_view_2d,
          shapermc_ecumenical_altar_mp_ritualfount, basic_altar,
          uniq_crazy_yiuf_cottage
D:3:      layout_basic, lemuel_blue_sif_altar, nicolae_uskayaw_en_pointe
D:4:      layout_rooms, serial_forest, infiniplex_forest_clump_long,
          infiniplex_forest_straight_4, infiniplex_forest_clump_diagonal,
          infiniplex_forest_lined_corner, infiniplex_forest_end_1,
          infiniplex_forest_corner_2, minmay_box_of_dots
D:5:      layout_loops_ring, elyvilon_altar_5
D:6:      layout_cave_pools, mainiacjoe_overflow_paths,
          minmay_temple_entry_ruins, sigmund_army
D:7:      layout_gridville, mainiacjoe_overflow_boulevard, kennysheep_path_1,
          minmay_a_box_with_orc_wizards_in_it
D:8:      layout_cave_pods, lair_entry_dummy, serial_shops, shop, uniq_maurice,
          uniq_amaemon, uniq_grum

Skill      XL: |  1  2  3  4  5  6  7  8  9 |
---------------+----------------------------+-----
Fighting       | 4 5 6 8 |  8.7
Maces & Flails | 4 5 6 7 8 |  8.7
Armour         | 3 4 5 6 7 8 |  8.3
Dodging        | 3 4 5 6 7 |  7.6

Action                   |  1- 3 |  4- 6 |  7- 9 || total
-------------------------+-------+-------+-------++-------
Melee: Mace              |    92 |    48 |       ||   140
       Headbutt          |    17 |     7 |    38 ||    62
       Whip              |       |    18 |   198 ||   216
       Punch             |       |     3 |     4 ||     7
Throw: Dart              |     1 |       |       ||     1
Invok: Berserk           |     1 |       |     3 ||     4
       Trog's Hand       |     1 |       |     2 ||     3
  Use: Scroll            |     6 |     1 |    10 ||    17
       Potion            |       |       |     1 ||     1
Armor: Animal skin       |     9 |       |       ||     9
       Chain mail        |    51 |     4 |       ||    55
       Plate armour      |       |    27 |   187 ||   214
Dodge: Dodged            |    72 |    39 |   197 ||   308

Table legend: (Time is in decaauts)
 A = Elapsed time spent in this place.
 B = Non-inter-level travel time spent in this place.
 C = Inter-level travel time spent in this place.
 D = Time resting spent in this place.
 E = Time spent auto-exploring this place.
 F = Levels seen in this place.
 G = Mean time per level.
                   A        B        C        D        E       F      G
               +--------+--------+--------+--------+--------+-----+--------+
         Total |   6288 |   5979 |    309 |     35 |   4803 |   8 |  786.0 |
       Dungeon |   6288 |   5979 |    309 |     35 |   4803 |   8 |  786.0 |
               +--------+--------+--------+--------+--------+-----+--------+

Top non-repeatable levels by time:
     D:1: 1041 daAuts
     D:3: 1026 daAuts
     D:2: 976 daAuts
     D:4: 883 daAuts
     D:7: 789 daAuts
     D:5: 758 daAuts
     D:6: 719 daAuts
     D:8: 92 daAuts
